 Dungeon Crawl Stone Soup version 0.31-a0-841-g038b102fc3 (webtiles) character file.

Game seed: 16091498345312974528

3749 Kurtz the Cleaver (level 10, -1/61 (68) HPs)
             Began as an Octopode Fighter on Sept 27, 2023.
             Was a Priest of Okawaru.
             Slain by a wight
             ... wielding a +3 great sword
              (4 damage)
             ... on level 8 of the Dungeon.
             The game lasted 00:11:18 (9172 turns).

Kurtz the Cleaver (Octopode Fighter)                Turns: 9172, Time: 00:11:20

HP:   -1/61 (68)    AC:  8    Str: 25    XL:     10   Next: 15%
MP:   9/11          EV: 15    Int: 10    God:    Okawaru [***...]
Gold: 353           SH: 12    Dex: 13    Spells: 9/9 levels left

rFire   . . .        q - +2 flail (protect)
rCold   . . .        y - +0 kite shield
rNeg    . . .        (helmet restricted)
rPois   .            (no amulet)
rElec   .            j - +6 ring of strength
rCorr   .            (no ring)
SInv    .            (no ring)
Will    .....        (no ring)
Stlth   ++++++       (no ring)
HPRegen 0.30/turn    (no ring)
MPRegen 0.12/turn    (no ring)
                     (no ring)

%: no passive effects
@: heroic, under a protective aura, heavily drained
A: almost no armour, amphibious, 8 rings, camouflage 1, gelatinous body 1,
(nimble swimmer 1), tentacles
a: Renounce Religion, Heroism


You were on level 8 of the Dungeon.
You worshipped Okawaru.
Okawaru was most pleased with you.
You visited 2 branches of the dungeon, and saw 10 of its levels.

You collected 353 gold pieces.

Inventory:

Hand Weapons
 a - a +0 war axe
 q - a +2 flail of protection (weapon)
Missiles
 v - a javelin (quivered)
 w - 10 poisoned darts
 C - a curare-tipped dart
Armour
 y - a +0 kite shield (worn)
Jewellery
 j - a +6 ring of strength (left tentacle)
Wands
 x - a wand of roots (8)
 B - a wand of flame (16)
Scrolls
 c - 2 scrolls of fog {unknown}
 e - 2 scrolls of immolation {unknown}
 f - a scroll of poison {unknown}
 h - 4 scrolls of revelation {unknown}
 i - 2 scrolls of teleportation {unknown}
 m - 2 scrolls of torment {unknown}
 n - 8 scrolls of identify {unknown}
 o - a scroll of blinking {unknown}
 p - a scroll of enchant armour {unknown}
 s - a scroll of noise {unknown}
 t - a scroll of vulnerability {unknown}
 u - 2 scrolls of enchant weapon {unknown}
 A - a scroll of amnesia {unknown}
Potions
 b - a potion of heal wounds {unknown}
 d - 3 potions of curing
 g - 4 potions of resistance {unknown}
 k - 2 potions of brilliance {unknown}
 l - a potion of haste {unknown}
 r - 2 potions of attraction {unknown}
 z - a potion of mutation {unknown}


   Skills:
 + Level 6.1(11.1) Fighting
 * Level 9.6(14.6) Axes
 - Level 3.0(8.0) Dodging
 - Level 6.4(11.4) Stealth
 - Level 8.3(13.3) Shields
 - Level 2.4 Invocations


You had 9 spell levels left.
You didn't know any spells.
Your spell library contained the following spells:

 Spells                   Type           Power      Damage    Failure   Level
 Ozocubu's Armour         Ice            0%         N/A       86%         3
 Borgnjor's Vile Clutch   Necr/Erth      0%         N/A       100%        5
 Metabolic Englaciation   Hex/Ice        0%         N/A       100%        5
 Ozocubu's Refrigeration  Ice            0%         4d7       100%        7
 Animate Dead             Necr           Unusable   N/A       N/A         4
 Death Channel            Necr           Unusable   N/A       N/A         6
 Simulacrum               Ice/Necr       Unusable   N/A       N/A         6

Dungeon Overview and Level Annotations

Branches:
Dungeon (9/15)             Temple (1/1) D:4
   Lair: D:8-11         Orc: D:9-12

Altars:
Ashenzari
Cheibriados
Elyvilon
Fedhas
Hepliaklqana
Kikubaaqudgha
Makhleb
Nemelex Xobeh
Okawaru
Qazlal
Sif Muna
Trog
Uskayaw
Vehumet
Wu Jian
Xom
Yredelemnul
Zin
The Shining One

Shops:
D:8 [

Annotations:
D:5 exclusion: downstairs
D:8 exclusion: downstairs


Innate Abilities, Weirdness & Mutations

You cannot wear most types of armour.
You are amphibious.
You can wear up to eight rings at the same time.
Your skin changes colour to match your surroundings (Stealth+).
Your rubbery body absorbs attacks. (AC +1, EV +1)
((You are camouflaged when in or above water. (Stealth+)))
You have tentacles for arms and can constrict up to eight enemies at once.


Message History

The grasping roots constrict you. You block the kobold's attack.
You block the wight's attack. The wight hits you with a +3 dagger!
You hear a shout!
The roots grasp on you weakens, but your attempt to escape fails.
You constrict the wight. The grasping roots constrict you.
The kobold hits you with a +0 dagger. You block the wight's attack.
The wight hits you with a +3 dagger.
You feel drained.
Unknown command.
Unknown command.
You escape the roots grasp.
You release your grip on the wight.
You block the kobold's attack.
The wight hits you with a +3 great sword!
* * * LOW HITPOINT WARNING * * *
You feel drained.
* * * LOW HITPOINT WARNING * * *
You block the wight's attack.
You climb upwards.
Level annotation: exclusion: downstairs
There is a stone staircase leading down here.
Okay, then.
The wight attacks as it pursues you! You block the wight's attack.
The kobold attacks as it pursues you! You block the kobold's attack.
The kobold attacks as it pursues you! You block the kobold's attack.
The wight attacks as it pursues you! You block the wight's attack.
The wight attacks as it pursues you! The wight misses you.
You gain the combat prowess of a mighty hero.
You block the wight's attack.
You hit the wight but do no damage.
Your weapon exudes an aura of protection.
You grab the wight.
The wight is moderately damaged.
You constrict the wight, but do no damage.
You block the wight's attack.
You hit the wight.
The wight is moderately damaged.
You constrict the wight, but do no damage.
The wight hits you with a +3 great sword!
* * * LOW HITPOINT WARNING * * *
You feel drained.
You die...

..#.####.........# #......
..#.##.....################......
..#.##...........................
..#.##...........................
#.#.##...........................
.............#######.............
#...##....)..# #.# #.............
.............# #.# #.............
......(......# #@# #.............
.......>.....###z###.............
.....#)......##.zK##.............
.............##...##...).........
.....#.......##...##.............
.....#.......##...##.............
.............##...##.............
............K..............).....
.....#...........................


You could see 2 wights and a kobold.

Vanquished Creatures
  A two-headed ogre (D:6)
  Sigmund (D:3)
  Edmund (D:5)
  3 water moccasins
  An orc warrior (D:8)
  2 ice beasts
  4 ogres
  A tengu (D:7)
  2 centaurs
  2 kobold brigands
  2 scorpions
  3 wights (D:9)
  11 howler monkeys
  3 hounds
  6 orc priests
  A gnoll bouda (D:8)
  4 iguanas
  8 orc wizards
  8 gnolls
  7 adders
  A white imp (D:6)
  2 ufetubi (D:4)
  A worm (D:2)
  2 dart slugs
  29 orcs
  5 ball pythons
  6 endoplasms
  A giant cockroach (D:1)
  7 goblins
  10 hobgoblins
  8 jackals
  4 quokkas
  7 bats
  6 frilled lizards
  9 kobolds
  7 rats
176 creatures vanquished.

Notes
Turn   | Place    | Note
-------+----------+-------------------------------------------
     0 | D:1      | Kurtz the Octopode Fighter began the quest for the Orb.
     0 | D:1      | Reached XP level 1. HP: 16/16 MP: 1/1
   135 | D:1      | Reached XP level 2. HP: 21/21 MP: 2/2
   294 | D:1      | Reached skill level 3 in Axes
   445 | D:1      | Reached XP level 3. HP: 26/26 MP: 3/3
   952 | D:2      | Reached skill level 1 in Stealth
   990 | D:2      | Reached skill level 4 in Axes
  1030 | D:2      | Reached XP level 4. HP: 31/31 MP: 4/4
  1512 | D:3      | Noticed Sigmund
  1520 | D:3      | Killed Sigmund
  1521 | D:3      | Reached skill level 5 in Axes
  1521 | D:3      | Reached XP level 5. HP: 20/36 MP: 5/5
  1521 | D:3      | Reached XP level 6. HP: 23/42 MP: 6/6
  2449 | D:4      | HP: 2/42 [ogre/+0 giant club (24)]
  2450 | D:4      | Reached skill level 6 in Axes
  2645 | D:4      | Found a staircase to the Ecumenical Temple.
  2658 | Temple   | Entered the Ecumenical Temple
  2664 | Temple   | Became a worshipper of Warmaster Okawaru
  2723 | D:4      | Reached XP level 7. HP: 34/46 MP: 7/7
  3499 | D:5      | Entered Level 5 of the Dungeon
  3516 | D:4      | Reached skill level 7 in Axes
  3516 | D:4      | Reached skill level 1 in Invocations
  3629 | D:4      | Reached skill level 5 in Stealth
  3885 | D:5      | Noticed Edmund
  3910 | D:5      | Killed Edmund
  3910 | D:5      | Reached * piety under Okawaru
  3911 | D:5      | Reached XP level 8. HP: 24/54 MP: 9/9
  4679 | D:6      | Reached skill level 8 in Axes
  4741 | D:6      | Noticed a two-headed ogre
  4859 | D:5      | Reached ** piety under Okawaru
  5029 | D:6      | Killed a two-headed ogre
  5030 | D:6      | Reached XP level 9. HP: 7/58 MP: 7/10
  5243 | D:6      | Reached *** piety under Okawaru
  6549 | D:7      | Found a blossoming altar of Fedhas.
  7386 | D:8      | Reached skill level 5 in Fighting
  7415 | D:8      | Reached skill level 9 in Axes
  8016 | D:8      | Found a hazy altar of Hepliaklqana.
  8065 | D:8      | Found a snail-covered altar of Cheibriados.
  8066 | D:8      | Found Cheibriados's Comfort Zone.
  8463 | D:8      | Reached XP level 10. HP: 52/66 MP: 11/11
  8747 | D:9      | Noticed a two-headed ogre
  9172 | D:8      | HP: 3/63 [wight/+3 great sword (10)]
  9172 | D:8      | Slain by a wight

Illustrated notes

Levels and vault maps discovered:
D:1:      orjb1_clovarrival, layout_basic, minmay_gold_behind_fungi
D:2:      layout_loops_ring
D:3:      layout_basic, uniq_sigmund
D:4:      layout_basic, minmay_temple_entry_overgrown, minmay_misc_feat_square
D:5:      layout_rooms, kennysheep_windowed_goal, uniq_edmund
D:6:      layout_rooms
D:7:      layout_loops_corners, old_standard_altar
D:8:      layout_basic, nzn_hepliaklqana_mist_gate, minmay_misc_feat_encased,
          chequers_jeans, minmay_shop_chei
D:9:      erik_cavepeople, layout_basic, mainiacjoe_overflow_boulevard,
          mainiacjoe_overflow_divided_tiny, serial_ice, serial_ice_b,
          serial_ice_n, serial_ice_o, serial_ice_d, minmay_misc_feat_pillars,
          uniq_harold
Temple:   nicolae_temple_bog_church

Skill      XL: |  1  2  3  4  5  6  7  8  9 10 |
---------------+-------------------------------+-----
Axes           | 3 4 5 6 7 8 9 |  9.6
Stealth        | 1 2 4 5 6 |  6.4
Invocations    | 1 2 |  2.4
Fighting       | 4 5 6 |  6.1
Shields        | 7 8 |  8.3
Dodging        | |  3.0

Action                     |  1- 3 |  4- 6 |  7- 9 | 10-12 || total
---------------------------+-------+-------+-------+-------++-------
  Melee: War axe           |    62 |    56 |       |       ||   118
         Constrict         |    20 |    14 |    57 |     8 ||    99
         Tentacles         |    10 |    11 |    58 |     7 ||    86
         Punch             |     2 |       |     4 |     1 ||     7
         Flail             |       |     8 |   231 |    31 ||   270
  Throw: Dart              |       |       |     2 |       ||     2
         Javelin           |       |       |    12 |     3 ||    15
 Invoke: Heroism           |       |       |     2 |     1 ||     3
  Evoke: Wand              |       |       |    22 |       ||    22
    Use: Potion            |       |       |     6 |       ||     6
   Stab: Sleeping          |     9 |    11 |     9 |     1 ||    30
 Armour: Skin              |    22 |    28 |   131 |    31 ||   212
  Dodge: Dodged            |    32 |    34 |   108 |    29 ||   203
  Block: Buckler           |     5 |    13 |    25 |       ||    43
         Kite shield       |       |       |    60 |    38 ||    98

Table legend: (Time is in decaauts)
 A = Elapsed time spent in this place.
 B = Non-inter-level travel time spent in this place.
 C = Inter-level travel time spent in this place.
 D = Time resting spent in this place.
 E = Time spent auto-exploring this place.
 F = Levels seen in this place.
 G = Mean time per level.
                   A        B        C        D        E       F      G
               +--------+--------+--------+--------+--------+-----+--------+
         Total |   9306 |   8863 |    443 |   2598 |   4593 |  10 |  930.6 |
       Dungeon |   9293 |   8861 |    432 |   2598 |   4593 |   9 | 1032.6 |
        Temple |     12 |      1 |     11 |      0 |      0 |   1 |   12.0 |
               +--------+--------+--------+--------+--------+-----+--------+

Top non-repeatable levels by time:
     D:7: 1529 daAuts
     D:8: 1366 daAuts
     D:4: 1347 daAuts
     D:5: 1346 daAuts
     D:3: 979 daAuts
     D:6: 863 daAuts
     D:1: 843 daAuts
     D:2: 634 daAuts
     D:9: 382 daAuts
  Temple: 12 daAuts
